 Dungeon Crawl Stone Soup version 0.28-a0-563-gf77a47075d (webtiles) character file.

Game seed: 15467290734995337216

226 lunkers the Skirmisher (level 6, 0/48 HPs)
             Began as a Djinni Cinder Acolyte on Sept 28, 2021.
             Was a High Priest of Ignis.
             Slain by an ufetubus (2 damage)
             ... on level 5 of the Dungeon on Sept 29, 2021.
             The game lasted 00:05:14 (4714 turns).

lunkers the Skirmisher (Djinni Cinder Acolyte)      Turns: 4714, Time: 00:05:15

Health: 0/48       AC:  6    Str: 13    XL:     6   Next: 22%
Gold:   115        EV:  5    Int: 18    God:    Ignis [*****.] SH:  0 Dex:  8

rFire   + + +      SeeInvis +   p - +0 short sword (drain)
rCold   x . .      Faith    .   (no shield)
rNeg    . . .      Spirit   .   r - +0 ring mail
rPois   ∞          Reflect  .   q - +0 helmet
rElec   .          Harm     .   (no cloak)
rCorr   .          Rampage  .   (no gloves)
Will    .....                   (boots unavailable)
Stlth   ..........              (no amulet)
HPRegen 0.16/turn               n - ring of see invisible
MPRegen 0.00/turn               (no ring)

@: about to teleport, flying, held
A: sickness immunity, fire resistance 2, cold vulnerability 1, float, innate
caster, hp casting, extra vitality 1
a: Renounce Religion, Sea of Fire, Foxfire Swarm, Rising Flame


You were on level 5 of the Dungeon.
You worshipped Ignis.
Ignis was extremely pleased with you.
You visited 1 branch of the dungeon, and saw 4 of its levels.

You collected 115 gold pieces.

Inventory:

Hand Weapons
 a - a -1 falchion of flaming
 p - a +0 short sword of draining (weapon)
Armour
 b - a +0 robe
 q - a +0 helmet (worn)
 r - a +0 ring mail (worn)
Jewellery
 n - a ring of see invisible (left hand)
Scrolls
 e - a scroll of acquirement {unknown}
 g - 4 scrolls of teleportation
 i - 2 scrolls of amnesia {unknown}
 j - 2 scrolls of enchant weapon {unknown}
 k - a scroll of magic mapping {unknown}
 l - a scroll of enchant armour {unknown}
 s - a scroll of identify {unknown}
Potions
 c - a potion of invisibility {unknown}
 d - a potion of attraction {unknown}
 f - a potion of cancellation {unknown}
 h - a potion of mutation {unknown}
 m - 2 potions of curing {unknown}
 o - 2 potions of brilliance {unknown}


   Skills:
 + Level 4.4 Fighting
 - Level 2.6 Long Blades
 * Level 4.3 Spellcasting


You had 8 spell levels left.
You knew the following spells:

 Your Spells              Type           Power      Damage    Failure   Level
a - Freeze                Ice            76%        1d9       5%          1
b - Passwall              Tmut/Erth      15%        N/A       8%          2
p - Scorch                Fire           38%        2d7       8%          2
Your spell library was empty.

Dungeon Overview and Level Annotations

Branches:
Dungeon (3/15)

Altars:
Ashenzari

Shops:
D:1 =


Innate Abilities, Weirdness & Mutations

You are immune to sickness and miasma.
You are immune to poison.
Your flesh is very heat resistant. (rF++)
You are vulnerable to cold. (rC-)
You float through the air rather than walking.
You learn spells naturally, not from books.
Your magical power is your life essence.
You have superior vitality. (+4 HP)


Message History

There are monsters nearby!
Casting: Freeze (safe; 5% risk of failure)
Confirm with . or Enter, or press ? or * to list all spells.
You freeze the gnoll.
The gnoll is moderately wounded.
The gnoll hits you with a +0 antimagic whip.
Casting: Freeze (safe; 5% risk of failure)
Confirm with . or Enter, or press ? or * to list all spells.
You freeze the gnoll!
The gnoll is severely wounded.
The gnoll throws a throwing net.
The throwing net hits you.
You become entangled in the net!
You struggle against the net.
The ufetubus barely misses you.
The ufetubus hits you but does no damage.
The gnoll hits you but does no damage.
The gnoll hits you with a +0 antimagic whip!
The gnoll hits you from afar with a +0 halberd!
You struggle against the net.
The ufetubus barely misses you. x2
The gnoll hits you with a +0 flail.
* * * LOW HITPOINT WARNING * * *
The gnoll hits you with a +0 antimagic whip.
* * * LOW HITPOINT WARNING * * *
The ufetubus barely misses you.
The ufetubus hits you but does no damage.
The gnoll hits you from afar with a +0 halberd!
* * * LOW HITPOINT WARNING * * *
You struggle against the net.
The ufetubus hits you but does no damage.
The ufetubus hits you.
* * * LOW HITPOINT WARNING * * *
The gnoll hits you with a +0 flail.
* * * LOW HITPOINT WARNING * * *
The gnoll hits you with a +0 antimagic whip.
* * * LOW HITPOINT WARNING * * *
The gnoll hits you from afar with a +0 halberd!
* * * LOW HITPOINT WARNING * * *
As you read the scroll labelled POOTERRE TAYNE, it crumbles to dust.
You feel strangely unstable.
It was a scroll of teleportation.
The ufetubus hits you.
You die...

#.#.# #.... #...#
##...# ....## .
.g..##
..#######.g..####
........g@5......
........#....#.##
.............#
#######.#....#
#####.#....#
..##.#.####
###.##.#.#
#...##.#.. ###
#.#....#.$


You could see 3 gnolls and an ufetubus.

Vanquished Creatures
  An orc priest (D:3)
  Natasha (thrice) (D:1)
  3 adders
  2 worms (D:2)
  2 dart slugs
  5 orcs (D:3)
  5 endoplasms
  2 giant cockroaches (D:1)
  7 goblins
  7 hobgoblins
  13 jackals
  5 kobolds
  3 quokkas (D:2)
  8 ball pythons
  5 bats
  2 frilled lizards (D:1)
  10 rats
83 creatures vanquished.

Notes
Turn   | Place    | Note
-------+----------+-------------------------------------------
     0 | D:1      | lunkers the Djinni Cinder Acolyte began the quest for the
                  | Orb.
     0 | D:1      | Reached XP level 1. HP: 20/20 MP: 0/0
     0 | D:1      | Upgraded the game from 0.28-a0-556-gab23d0e057 to
                  | 0.28-a0-563-gf77a47075d
     1 | D:1      | Found a runed translucent door.
   423 | D:1      | Found Zukuw's Jewellery Shop.
   442 | D:1      | Reached XP level 2. HP: 25/25 MP: 0/0
  1414 | D:1      | Reached XP level 3. HP: 26/30 MP: 0/0
  1414 | D:1      | Learned a level 1 spell: Freeze
  1614 | D:2      | Noticed Natasha
  1624 | D:1      | Killed Natasha
  1625 | D:1      | Reached XP level 4. HP: 4/36 MP: 0/0
  1782 | D:1      | Noticed Natasha
  1785 | D:1      | Killed Natasha
  2678 | D:2      | Reached XP level 5. HP: 39/41 MP: 0/0
  2678 | D:2      | Learned a level 2 spell: Passwall
  2894 | D:2      | Found a broken altar of Ashenzari.
  3560 | D:1      | Noticed Natasha
  3564 | D:1      | Killed Natasha
  4122 | D:3      | Reached XP level 6. HP: 34/47 MP: 0/0
  4693 | D:3      | You are sucked into a shaft and drop 2 floors!
  4693 | D:5      | Entered Level 5 of the Dungeon
  4713 | D:5      | HP: 2/48 [gnoll (7)]
  4714 | D:5      | Slain by an ufetubus

Illustrated notes

Levels and vault maps discovered:
D:1:      dpeg_arrival_caged_fury, layout_basic, serial_shops,
          nicolae_shop_temple_entry_statues_fountains,
          chequers_serial_rivers_large_a, minmay_misc_feat_square
D:2:      layout_basic, basic_altar, serial_glass, glass_columns_a,
          glass_columns_b, mrwooster_statue_mirror, uniq_natasha
D:3:      layout_loops_ring
D:5:      layout_basic

Skill      XL: |  1  2  3  4  5 |
---------------+----------------+-----
Spellcasting   | 3 4 |  4.3
Fighting       | 4 |  4.4
Long Blades    | |  2.6

Action                   |  1- 3 |  4- 6 || total
-------------------------+-------+-------++-------
Melee: Falchion          |    22 |       ||    22
 Cast: Scorch            |    30 |    47 ||    77
       Freeze            |       |    60 ||    60
  Use: Scroll            |       |     1 ||     1
Armor: Robe              |     9 |     2 ||    11
       Ring mail         |       |     9 ||     9
Dodge: Dodged            |    20 |    36 ||    56

Table legend: (Time is in decaauts)
 A = Elapsed time spent in this place.
 B = Non-inter-level travel time spent in this place.
 C = Inter-level travel time spent in this place.
 D = Time resting spent in this place.
 E = Time spent auto-exploring this place.
 F = Levels seen in this place.
 G = Mean time per level.
                   A        B        C        D        E       F      G
               +--------+--------+--------+--------+--------+-----+--------+
         Total |   4720 |   4405 |    315 |    499 |   3433 |   4 | 1180.0 |
       Dungeon |   4720 |   4405 |    315 |    499 |   3433 |   4 | 1180.0 |
               +--------+--------+--------+--------+--------+-----+--------+

Top non-repeatable levels by time:
     D:1: 2343 daAuts
     D:2: 1571 daAuts
     D:3: 784 daAuts
     D:5: 20 daAuts
